 Dungeon Crawl Stone Soup version 0.29.1-13-g9f3cf754e1 (webtiles) character file.

Game seed: 3380857874660558867

85 H0rd4k the Charlatan (level 4, -2/30 HPs)
             Began as an Octopode Artificer on Jan 19, 2023.
             Splashed by a jelly's acid (10 damage)
             ... on level 3 of the Dungeon.
             The game lasted 00:02:07 (2926 turns).

H0rd4k the Charlatan (Octopode Artificer)           Turns: 2926, Time: 00:02:08

Health: -2/30      AC: -3    Str: 11    XL:     4   Next: 48%
Magic:  6/6        EV: 13    Int: 15    God:
Gold:   121        SH:  0    Dex: 12    Spells: 6/6 levels left

rFire   . . .      SeeInvis .     - Unarmed
rCold   . . .      Faith    .   (no shield)
rNeg    + . .      Spirit   .   (helmet restricted)
rPois   .          Reflect  .   (no amulet)
rElec   .          Harm     .   l - ring of positive energy
rCorr   .          Rampage  .   (no ring)
Will    .....                   (no ring)
Stlth   +++.......              (no ring)
HPRegen 0.10/turn               (no ring)
MPRegen 0.10/turn               (no ring)
                                (no ring)
                                (no ring)

@: corroded
A: almost no armour, amphibious, 8 rings, camouflage 1, gelatinous body 1,
(nimble swimmer 1), tentacles
a: no special abilities


You were on level 3 of the Dungeon.
You visited 1 branch of the dungeon, and saw 3 of its levels.

You collected 121 gold pieces.

Inventory:

Hand Weapons
 a - a +1 short sword of venom
Missiles
 g - 3 atropa-tipped darts
 n - 15 poisoned darts
Jewellery
 l - a ring of positive energy (left tentacle)
Wands
 b - a wand of flame (13) (quivered)
 c - a wand of charming (15)
 d - a wand of iceblast (5)
Scrolls
 f - 2 scrolls of enchant armour {unknown}
 i - a scroll of identify {unknown}
 k - a scroll of vulnerability {unknown}
 m - 2 scrolls of teleportation {unknown}
 o - 3 scrolls of poison {unknown}
 r - a scroll of fear {unknown}
 s - a scroll of summoning {unknown}
Potions
 e - a potion of heal wounds {unknown}
 h - 2 potions of invisibility {unknown}
 j - a potion of mutation {unknown}
 p - 2 potions of flight {unknown}
 q - a potion of attraction {unknown}
 t - a potion of might {unknown}


   Skills:
 * Level 2.6 Fighting
 - Level 2.3 Dodging
 - Level 1.3 Stealth
 + Level 1.9 Unarmed Combat
 * Level 1.8 Spellcasting
 - Level 3.2 Evocations


You had 6 spell levels left.
You didn't know any spells.
Your spell library contained the following spells:

 Spells                   Type           Power      Damage    Failure   Level
 Gell's Gravitas          Tloc           1%         N/A       56%         3
 Teleport Other           Tloc           1%         N/A       56%         3
 Dispersal                Tloc           0%         N/A       100%        6


Dungeon Overview and Level Annotations

Branches:
Dungeon (3/15)

Altars:

Shops:
D:1 *


Innate Abilities, Weirdness & Mutations

You cannot wear most types of armour.
You are amphibious.
You can wear up to eight rings at the same time.
Your skin changes colour to match your surroundings (Stealth+).
Your rubbery body absorbs attacks. (AC +1, EV +1)
((You are camouflaged when in or above water. (Stealth+)))
You have tentacles for arms and can constrict up to eight enemies at once.


Message History

You constrict the hobgoblin. You tentacle-slap the hobgoblin.
You kill the hobgoblin!
No target in view!
No target in view!
No target in view!
Things that are here:
4 stones; a hobgoblin corpse You now have 112 gold pieces (gained 8).
You now have 121 gold pieces (gained 9).
Found a stone staircase leading down.
No target in view!
There is a stone staircase leading down here.
A hobgoblin comes into view.
The hobgoblin barely misses you.
A hobgoblin is nearby!
You closely miss the hobgoblin. You grab the hobgoblin.
You squeeze the hobgoblin.
The hobgoblin is almost dead.
You constrict the hobgoblin.
You kill the hobgoblin!
A jelly comes into view.
The jelly quivers.
A jelly is nearby!
Found 14 gold pieces.
The jelly barely misses you.
A jelly is nearby!
You tentacle-slap the jelly.
Your tentacles burn!
The jelly is lightly wounded.
The jelly hits you.
You are splashed with acid!
You tentacle-slap the jelly.
Your tentacles burn!
The jelly is moderately wounded.
The jelly barely misses you.
You tentacle-slap the jelly but do no damage.
Your tentacles burn!
* * * LOW HITPOINT WARNING * * *
The jelly is moderately wounded.
The jelly hits you.
* * * LOW HITPOINT WARNING * * *
The acid corrodes you!
You are splashed with acid!
You die...

###################
$.................#
#....J@...######.#
#.........# #.#
#..........# #.#
#...######## #.#
#.. #.# #. #.# #
#.# ....# #.# #.#.#
# #.#


You could see a jelly.

Vanquished Creatures
  An adder (D:2)
  2 worms (D:2)
  4 ball pythons
  6 bats
  10 endoplasms
  2 giant cockroaches (D:1)
  2 goblins
  6 hobgoblins
  10 jackals
  4 quokkas
  4 frilled lizards (D:1)
  6 kobolds
  2 rats (D:1)
59 creatures vanquished.

Vanquished Creatures (others)
  A withered plant (D:2)
1 creature vanquished.

Grand Total: 60 creatures vanquished

Notes
Turn   | Place    | Note
-------+----------+-------------------------------------------
     0 | D:1      | H0rd4k the Octopode Artificer began the quest for the Orb.
     0 | D:1      | Reached XP level 1. HP: 13/13 MP: 1/1
   177 | D:1      | Reached XP level 2. HP: 8/19 MP: 2/2
   316 | D:1      | Reached skill level 1 in Spellcasting
   905 | D:1      | Reached XP level 3. HP: 19/24 MP: 4/4
  1431 | D:1      | Found Jotrappa's Assorted Antiques.
  1462 | D:1      | Reached skill level 1 in Unarmed Combat
  1938 | D:2      | Reached XP level 4. HP: 10/30 MP: 6/6
  2655 | D:2      | Found a faded altar of an unknown god.
  2926 | D:3      | Splashed by a jelly's acid

Illustrated notes

Levels and vault maps discovered:
D:1:      dpeg_arrival_arbitrary_b, layout_basic, serial_shops, shop
D:2:      layout_basic, ebering_ecumenical_altar_petrified, minmay_tetromino_o4
D:3:      layout_basic, grunt_decor_cap, kennysheep_flooded_box

Skill      XL: |  1  2  3 |
---------------+----------+-----
Fighting       | 2 |  2.6
Spellcasting   | 1 |  1.8
Unarmed Combat | 1 |  1.9
Dodging        | |  2.3
Stealth        | |  1.3
Evocations     | |  3.2

Action                   |  1- 3 |  4- 6 || total
-------------------------+-------+-------++-------
Melee: Unarmed           |   123 |    33 ||   156
       Constrict         |    34 |     8 ||    42
       Tentacles         |    32 |     7 ||    39
       Punch             |     1 |     2 ||     3
Evoke: Wand              |     1 |     1 ||     2
 Stab: Sleeping          |     4 |     1 ||     5
Armor: Skin              |    12 |     2 ||    14
Dodge: Dodged            |    97 |    21 ||   118
